 Dungeon Crawl Stone Soup version 0.19.0-19-g8c6edcc (webtiles) character file.

171 Leybi the Charmwright (level 5, 0/38 HPs)
             Began as a Merfolk Skald on Nov 14, 2016.
             Slain by an adder skeleton (1 damage)
             ... on level 4 of the Dungeon.
             The game lasted 00:06:41 (2983 turns).

Leybi the Charmwright (Merfolk Skald)               Turns: 2983, Time: 00:06:41

Health: 0/38       AC:  4    Str: 15    XL:     5   Next: 51%
Magic:  11/11      EV: 11    Int: 12    God:
Gold:   109        SH:  0    Dex: 13    Spells: 1 memorised, 11 levels left

rFire  . . .     SeeInvis .     a - +0 spear
rCold  + . .     Gourm    .     b - +0 leather armour
rNeg   . . .     Faith    .     (no shield)
rPois  .         Spirit   .     (no helmet)
rElec  .         Reflect  .     p - +0 cloak
rCorr  .         Harm     .     (no gloves)
MR     .....                    (no boots)
Stlth  +.........               q - amulet of rage
                                s - ring of protection from cold
                                l - +2 ring of strength

@: no status effects
A: change form in water, swift swim, stealthy swim
a: Evoke Berserk Rage


You were on level 4 of the Dungeon.
You were hungry.

You visited 1 branch of the dungeon, and saw 4 of its levels.

You collected 109 gold pieces.

Inventory:

Hand Weapons
 a - a +0 spear (weapon)
Armour
 b - a +0 leather armour (worn)
 p - a +0 cloak (worn)
Jewellery
 l - a +2 ring of strength (left hand)
 q - an amulet of rage (around neck)
 s - a ring of protection from cold (right hand)
 u - an uncursed ring of fire {unknown}
Scrolls
 g - 2 scrolls of recharging {unknown}
 m - 2 scrolls of identify {unknown}
 o - a scroll of remove curse {unknown}
Potions
 e - 3 potions of resistance {unknown}
 f - 2 potions of flight {unknown}
 j - 3 potions of curing {unknown}
 k - a potion of degeneration {unknown}
 n - a potion of cure mutation {unknown}
 r - a potion of brilliance {unknown}
 t - a potion of heal wounds {unknown}
Books
 c - a book of Battle

   Spells                             Type                      Level
   a - Infusion                       Charms                       1
   b - Shroud of Golubria             Charms/Translocation         2
   c - Song of Slaying                Charms                       2
   d - Spectral Weapon                Hexes/Charms                 3
   e - Regeneration                   Charms/Necromancy            3
Comestibles
 d - 4 bread rations
 h - 10 fruits
 i - 2 meat rations


   Skills:
 - Level 2.1 Fighting
 - Level 3.0 Polearms
 - Level 0.6 Armour
 - Level 1.3 Dodging
 * Level 4.2 Spellcasting
 + Level 4.7 Charms


You had 11 spell levels left.
You knew the following spells:

 Your Spells              Type           Power        Failure   Level  Hunger
a - Infusion              Chrm           ##..         4%          1    None


Dungeon Overview and Level Annotations

Branches:
Dungeon (4/15)
 Temple: D:4-7

Altars:
Uskayaw
Zin
The Shining One

Annotations:
D:4 Azzok's ghost, amateur GrFi


Message History

You start resting.
You are no longer magically infusing your attacks.
You start resting.
You feel less confused.
You start resting.
Azzok's ghost (amateur Gargoyle Fighter) comes into view.
An adder skeleton comes into view.
You barely miss the adder skeleton.
The adder skeleton bites you but does no damage.
Your leather armour prevents you from hitting the adder skeleton.
Azzok's ghost hits you!
* * * LOW HITPOINT WARNING * * *
The adder skeleton completely misses you.
You closely miss the adder skeleton. Azzok's ghost hits you.
* * * LOW HITPOINT WARNING * * *
The adder skeleton misses you.
You hit the adder skeleton.
The adder skeleton is heavily damaged.
Azzok's ghost misses you. The adder skeleton bites you.
You die...

### ..# #.# #.# ###
#.# .... #.# ...#
##############.#....#.
......Z@W.....<.......
################.#....
# .


You could see Azzok's ghost and an adder skeleton.

Vanquished Creatures
  Crazy Yiuf (D:2)
  Jessica (D:2)
  An orc wizard (D:3)
  3 adders (D:2)
  An ooze (D:1)
  4 dart slugs
  A leopard gecko (D:3)
  8 orcs
  A ball python (D:2)
  5 bats
  4 giant cockroaches
  2 hobgoblins
  2 frilled lizards
  4 goblins
  2 kobolds
  8 rats
48 creatures vanquished.

Notes
Turn   | Place    | Note
-------+----------+-------------------------------------------
     0 | D:1      | Leybi the Merfolk Skald began the quest for the Orb.
     0 | D:1      | Reached XP level 1. HP: 16/16 MP: 3/3
   185 | D:1      | Reached XP level 2. HP: 22/22 MP: 5/5
   896 | D:2      | Found a glowing golden altar of the Shining One.
   915 | D:2      | Reached XP level 3. HP: 27/27 MP: 7/7
   994 | D:2      | Found a hide-covered altar of Uskayaw.
   999 | D:2      | Found a glowing silver altar of Zin.
  1032 | D:2      | Found a runed door.
  1244 | D:2      | Noticed Jessica
  1575 | D:2      | Killed Jessica
  1575 | D:2      | Reached XP level 4. HP: 29/33 MP: 3/9
  1952 | D:2      | Noticed Crazy Yiuf
  1961 | D:2      | Killed Crazy Yiuf
  1961 | D:2      | Reached XP level 5. HP: 15/38 MP: 5/11
  2973 | D:4      | Noticed Azzok's ghost (amateur GrFi)
  2982 | D:4      | HP: 1/38 [Azzok's ghost (4)]
  2983 | D:4      | Slain by an adder skeleton

Skill      XL: |  1  2  3  4 |
---------------+-------------+-----
Spellcasting   | 3 4 |  4.2
Charms         | 4 |  4.7
Fighting       | |  2.1
Polearms       | |  3.0
Armour         | |  0.6
Dodging        | |  1.3

Action                   |  1- 3 |  4- 6 || total
-------------------------+-------+-------++-------
Melee: Spear             |   132 |   102 ||   234
 Cast: Infusion          |     2 |     4 ||     6
  Eat: Chunk             |     2 |     4 ||     6
Armor: Leather armour    |    36 |    11 ||    47
Dodge: Dodged            |    87 |    38 ||   125
